 Dungeon Crawl Stone Soup version 0.29.0-11-gd7f09526c8 (webtiles) character file.

Game seed: 13469614673010219188

75065 Armakuni the Phalangite (level 15, -4/115 HPs)
             Began as a Merfolk Earth Elementalist on Sept 3, 2022.
             Was a High Priest of the Shining One.
             Slain by an orc warlord
             ... wielding a +3 war axe of electrocution
              (26 damage)
             ... on level 2 of the Orcish Mines.
             The game lasted 00:51:03 (18927 turns).

Armakuni the Phalangite (MfEE)                     Turns: 18927, Time: 00:51:03

Health: -4/115     AC: 11    Str: 19    XL:     15   Next: 48%
Magic:  14/23      EV: 19    Int: 15    God:    the Shining One [*****.]
Gold:   543        SH:  0    Dex: 15    Spells: 13/18 levels left

rFire   + . .      SeeInvis .   a - +3 bardiche (vorpal)
rCold   . . .      Faith    .   (shield currently unavailable)
rNeg    + + .      Spirit   .   s - +0 troll leather armour
rPois   +          Reflect  .   (no helmet)
rElec   .          Harm     .   C - +1 cloak
rCorr   .          Rampage  .   x - +2 pair of gloves of Hangman {Str+4 Stlth+}
Will    +....                   e - +0 pair of boots
Stlth   +.........              R - amulet of regeneration
HPRegen 1.89/turn               S - +4 ring of slaying
MPRegen 0.18/turn               E - ring of Faewidie {rPois rF+ EV+4 Slay+2}

@: glowing
A: (nimble swimmer 2), mertail
a: Renounce Religion, Divine Shield, Cleansing Flame, Summon Divine Warrior


You were on level 2 of the Orcish Mines.
You worshipped the Shining One.
The Shining One was extremely pleased with you.
You visited 4 branches of the dungeon, and saw 21 of its levels.
You also visited: Bailey.

You collected 2101 gold pieces.
You spent 1558 gold pieces at shops.

Inventory:

Hand Weapons
 a - a +3 vorpal bardiche (weapon)
 b - a +1 scimitar of flaming
Missiles
 o - a throwing net
 t - 11 javelins
 u - 15 boomerangs
 y - 2 curare-tipped darts (quivered)
 I - 3 silver boomerangs
Armour
 e - a +0 pair of boots (worn)
 s - a +0 troll leather armour (worn)
 x - the +2 pair of gloves of Hangman (worn) {Str+4 Stlth+}
   (You acquired it on level 8 of the Dungeon)

   Str:       It affects your strength (+4).
   Stlth:     It makes you more stealthy.
 C - a +1 cloak (worn)
Jewellery
 E - the ring of Faewidie (right hand) {rPois rF+ EV+4 Slay+2}
   (You acquired it on level 7 of the Dungeon)

   [ring of evasion]

   EV:        It affects your evasion (+4).
   Slay:      It affects your accuracy & damage with ranged weapons and melee
   (+2).
   rF:        It protects you from fire.
   rPois:     It protects you from poison.
 J - a ring of protection from cold
 R - an amulet of regeneration (around neck)
 S - a +4 ring of slaying (left hand)
Wands
 j - a wand of iceblast (11)
 n - a wand of polymorph (4)
 p - a wand of paralysis (4)
 v - a wand of flame (21)
 H - a wand of light (15)
Scrolls
 d - a scroll of immolation
 g - 2 scrolls of amnesia
 i - a scroll of summoning
 k - 5 scrolls of teleportation
 r - 5 scrolls of noise
 w - 3 scrolls of fog
 B - a scroll of vulnerability
 M - 4 scrolls of identify
 P - 2 scrolls of silence
 U - 6 scrolls of enchant armour
Potions
 c - 3 potions of flight
 f - a potion of berserk rage
 h - 5 potions of brilliance
 q - 3 potions of mutation
 z - 5 potions of heal wounds
 A - 2 potions of curing
 F - a potion of might
 G - 9 potions of ambrosia
 K - a potion of cancellation
 L - 2 potions of haste
 O - 5 potions of lignification
Miscellaneous
 l - a lightning rod (4/4)
 m - a phantom mirror


   Skills:
 - Level 10.0 Fighting
 - Level 1.0(1.2) Maces & Flails
 - Level 23.9(24.0) Polearms
 - Level 1.1(10.6) Staves
 - Level 5.0 Throwing
 * Level 5.4 Armour
 + Level 7.6 Dodging
 - Level 2.1 Stealth
 - Level 2.0 Spellcasting
 - Level 1.3 Transmutations
 - Level 2.4 Earth Magic
 - Level 11.1 Invocations
 - Level 5.0 Evocations


You had 13 spell levels left.
You knew the following spells:

 Your Spells              Type           Power      Damage    Failure   Level
o - Ozocubu's Armour      Ice            1%         N/A       58%         3
w - Passwall              Tmut/Erth      5%         N/A       19%         2

Your spell library contained the following spells:

 Spells                   Type           Power      Damage    Failure   Level
 Sandblast                Erth           16%        2d6       10%         1
 Shock                    Conj/Air       4%         1d3       26%         1
 Summon Small Mammal      Summ           4%         N/A       26%         1
 Static Discharge         Conj/Air       1%         3-4/arc   36%         2
 Sublimation of Blood     Necr           1%         N/A       36%         2
 Stone Arrow              Conj/Erth      10%        3d7       43%         3
 Ignite Poison            Fire/Tmut/Pois 2%         N/A       54%         3
 Call Canine Familiar     Summ           1%         N/A       58%         3
 Conjure Flame            Conj/Fire      1%         6-21      58%         3
 Summon Guardian Golem    Hex/Summ       1%         N/A       58%         3
 Swiftness                Air            1%         N/A       58%         3
 Tukima's Dance           Hex            1%         N/A       58%         3
 Petrify                  Tmut/Erth      7%         N/A       75%         4
 Airstrike                Air            0%         2d(1-17)  94%         4
 Dispel Undead            Necr           1%         3d6       94%         4
 Passage of Golubria      Tloc           1%         N/A       94%         4
 Sticky Flame             Conj/Fire      1%         2d3       94%         4
 Summon Lightning Spire   Summ/Air       1%         N/A       94%         4
 Irradiate                Conj/Tmut      1%         3d12      99%         5
 Yara's Violent Unravell  Hex/Tmut       1%         3d3       99%         5
 Lightning Bolt           Conj/Air       0%         1d11      100%        5
 Metabolic Englaciation   Hex/Ice        0%         N/A       100%        5
 Summon Forest            Summ/Tloc      0%         N/A       100%        5
 Summon Mana Viper        Hex/Summ       1%         N/A       100%        5
 Simulacrum               Ice/Necr       0%         N/A       100%        6
 Summon Cactus Giant      Summ           0%         N/A       100%        6


Dungeon Overview and Level Annotations

Branches:
Dungeon (13/15)            Temple (1/1) D:7            Lair (5/5) D:11
  Swamp (0/4) Lair:3       Spider (0/4) Lair:2        Slime (0/5) Lair:4
    Orc (2/2) D:11         Bailey (visited)
    Elf: Orc:2       Vaults: D:13-14

Altars:
Ashenzari
Cheibriados
Dithmenos
Elyvilon
Fedhas
Gozag
Hepliaklqana
Kikubaaqudgha
Makhleb
Nemelex Xobeh
Okawaru
Qazlal
Ru
Sif Muna
Trog
Uskayaw
Vehumet
Wu Jian
Xom
Yredelemnul
Zin
The Shining One
Lugonu

Shops:
D:1 (   D:7 ?   D:8 [[*?(   Orc:1 *=![

Portals:
Abyss: Lair:5

Annotations:
D:12 Josephine; Snorg


Innate Abilities, Weirdness & Mutations

((You are very nimble when in or above water. (Stealth+, EV+, Speed+++)))
Your lower body shifts to a powerful aquatic tail in water.


Message History

You hit the orc warlord but do no damage.
The orc warlord is almost dead.
The orc warlord hits you with a +3 war axe of electrocution!!
* * * LOW HITPOINT WARNING * * *
You are electrocuted!
* * * LOW HITPOINT WARNING * * *
Okay, then.
You feel much better.
The orc priest hits you but does no damage.
The smoke demon gestures at you.
The ball of steam hits the orc priest!!
The orc priest dies!
The ball of steam hits you. You resist.
* * * LOW HITPOINT WARNING * * *
The orc warlord hits you with a +3 war axe of electrocution.
* * * LOW HITPOINT WARNING * * *
You are electrocuted!
* * * LOW HITPOINT WARNING * * *
Okay, then.
Okay, then.
Okay, then.
You feel much better.
Activating: Cleansing Flame (4% risk of failure)
Press: ? - help, Dir - look around, f - activate The golden flame engulfs you but does no damage.
You resist.
The golden flame engulfs the orc warlord!
The orc warlord is almost dead.
The golden flame engulfs the smoke demon!!!
The smoke demon writhes in agony!
You kill the smoke demon!
The smoke demon disappears in a puff of smoke!
You hear a screech!
You hear a shout!
The orc warlord hits you with a +3 war axe of electrocution!!
* * * LOW HITPOINT WARNING * * *
Activating: Cleansing Flame (4% risk of failure)
Press: ? - help, Dir - look around, f - activate You fail to use your ability.
The orc warlord hits you with a +3 war axe of electrocution!!
You die...

##.....## ##.##..#
###....# ##...##.#
#....## #...#####
#....## ##.## ##....#
#### ##...§## ##.##
#..§..# #...#
##..§..#####...##
#..§§@o§##......###
#.§.§#.##......##.#
#.....##....§)##..#
#...#...##))§o§)...#
##.###o#..))o.o..o.####
## #......#§....o.o...
##......3§......(..
##...........3)...
#.....#...........


You could see an orc warlord.

Vanquished Creatures
  Donald (Orc:2)
  4 hydras
  A boulder beetle (Lair:3)
  Erica (D:10)
  A two-headed ogre (D:9)
  2 orc high priests (Orc:2)
  Urug (Lair:3)
  2 thrashing horrors (Lair:5)
  4 orc knights
  3 ugly things (Lair:5)
  2 oklob plants (D:11)
  An orc sorcerer (Orc:2)
  Pikel (D:6)
  The ghost of Camille the Frost Mage, a novice BaIE of Vehumet (D:6)
  A salamander (shapeshifter) (Lair:5)
  10 elephants
  Joseph (Lair:1)
  The ghost of sausages the Digger, a novice GrEE of Dithmenos (D:5)
  A molten gargoyle (Lair:2)
  A gargoyle (D:11)
  A torpor snail (Lair:4)
  2 black mambas
  2 smoke demons (Lair:5)
  Maggie (Lair:1)
  6 cane toads
  2 large abominations (Lair:5)
  5 rime drakes
  11 komodo dragons
  2 ancient zymes (Lair:5)
  A queen bee (D:10)
  A polar bear (Lair:3)
  5 trolls
  14 dream sheep
  13 blink frogs
  2 spriggans (Lair:5)
  2 vampires (D:10)
  4 wyverns
  2 wraiths
  A human (D:13)
  2 redbacks (Lair:2)
  Grum (Bailey)
  58 yaks
  8 small abominations (Lair:5)
  6 basilisks
  Menkaure (D:7)
  3 chaos spawn (Lair:5)
  A warg (D:11)
  An acid dragon (D:9)
  11 water moccasins
  27 orc warriors
  3 sky beasts
  2 black bears
  15 wolves
  5 ogres
  6 centaurs
  3 lemures (D:6)
  3 kobold brigands (D:10)
  7 bullfrogs
  9 gnoll sergeants
  3 scorpions
  3 necrophages
  3 wights (D:8)
  27 killer bees
  17 orc priests
  9 hounds
  5 jellies
  8 gnoll boudas
  Terence (D:1)
  6 iguanas
  18 orc wizards
  9 adders
  37 gnolls
  A white imp (D:6)
  3 worms
  5 dart slugs
  69 orcs
  6 ball pythons
  8 bats
  8 endoplasms
  4 giant cockroaches
  10 goblins
  9 hobgoblins
  8 jackals
  17 kobolds
  4 quokkas
  6 frilled lizards
  2 rats
595 creatures vanquished.

Vanquished Creatures (others)
  An orc priest (Orc:2)
  A gnoll (D:7)
  31 fungi
  39 plants
72 creatures vanquished.

Grand Total: 667 creatures vanquished

Notes
Turn   | Place    | Note
-------+----------+-------------------------------------------
     0 | D:1      | Armakuni the Merfolk Earth Elementalist began the quest for
                  | the Orb.
     0 | D:1      | Reached XP level 1. HP: 13/13 MP: 3/3
    45 | D:1      | Reached skill level 1 in Fighting
   238 | D:1      | Reached XP level 2. HP: 22/22 MP: 0/5
   818 | D:1      | Reached XP level 3. HP: 28/28 MP: 6/6
   835 | D:1      | Learned a level 2 spell: Passwall
  1068 | D:1      | Found a faded altar of an unknown god.
  1117 | D:1      | Found Heapn's Antique Weapon Emporium.
  1222 | D:2      | Reached skill level 1 in Maces & Flails
  1222 | D:2      | Noticed Terence
  1267 | D:1      | HP: 1/29 [Terence/+1 hand axe of freezing (1)]
  1268 | D:1      | Killed Terence
  1269 | D:1      | Reached XP level 4. HP: 1/35 MP: 4/7
  1670 | D:2      | Reached skill level 1 in Staves
  2117 | D:2      | Identified the +6 spear of the Fifty Stars {vamp, Fragile
                  | rN++ Int+4}
  2152 | D:2      | Reached skill level 1 in Polearms
  2255 | D:2      | Reached XP level 5. HP: 41/41 MP: 8/8
  2268 | D:2      | Reached skill level 2 in Polearms
  2792 | D:3      | Reached skill level 3 in Polearms
  2807 | D:3      | Reached skill level 4 in Polearms
  2854 | D:3      | Reached XP level 6. HP: 47/47 MP: 9/9
  3492 | D:4      | Reached skill level 5 in Polearms
  3543 | D:4      | Reached skill level 6 in Polearms
  3647 | D:4      | Reached skill level 7 in Polearms
  3647 | D:4      | Reached XP level 7. HP: 38/52 MP: 10/10
  3669 | D:4      | Found a glowing silver altar of Zin.
  3671 | D:4      | Found a sacrificial altar of Ru.
  3672 | D:4      | Found a burning altar of Makhleb.
  3797 | D:4      | Reached skill level 8 in Polearms
  3827 | D:4      | Found a white marble altar of Elyvilon.
  3996 | D:4      | Found a basalt altar of Yredelemnul.
  4391 | D:5      | Entered Level 5 of the Dungeon
  4476 | D:5      | Reached skill level 1 in Throwing
  4592 | D:5      | Reached skill level 9 in Polearms
  4592 | D:5      | Reached XP level 8. HP: 36/58 MP: 11/11
  4700 | D:5      | Found a runed translucent gate.
  4701 | D:5      | Found a runed translucent gate.
  4701 | D:5      | Identified the +1 chain mail "Yxzezxucw" {Harm rN+ rCorr
                  | Stlth+}
  4702 | D:5      | Found a runed translucent gate.
  4703 | D:5      | Noticed sausages's ghost (novice GrEE)
  4770 | D:5      | Found a radiant altar of Vehumet.
  4935 | D:5      | Identified the +5 dagger of Taxation {distort, Dex+3}
  5109 | D:6      | Reached skill level 10 in Polearms
  5568 | D:6      | Reached skill level 5 in Throwing
  5624 | D:6      | Found a runed translucent door.
  5624 | D:6      | Noticed Camille's ghost (novice BaIE)
  5802 | D:6      | Killed Camille's ghost
  5803 | D:6      | Reached skill level 11 in Polearms
  5803 | D:6      | Reached XP level 9. HP: 57/65 MP: 12/12
  6172 | D:7      | Identified a scroll of acquirement
  6172 | D:7      | Acquired the ring of Faewidie {rPois rF+ EV+4 Slay+2}
  6195 | D:7      | Reached skill level 5 in Fighting
  6195 | D:7      | Noticed Menkaure
  6205 | D:7      | Killed Menkaure
  6242 | D:7      | Noticed Pikel
  6308 | D:6      | Killed Pikel
  6569 | D:7      | Found a staircase to the Ecumenical Temple.
  6581 | Temple   | Entered the Ecumenical Temple
  6622 | Temple   | Became a worshipper of the Shining One
  6666 | D:7      | Reached XP level 10. HP: 66/83 MP: 13/13
  6673 | D:7      | Learned a level 3 spell: Ozocubu's Armour
  6799 | D:7      | Found a flagged portal.
  6804 | Bailey   | Entered a bailey
  6971 | Bailey   | Reached skill level 10 in Fighting
  6971 | Bailey   | Reached skill level 12 in Polearms
  7121 | Bailey   | Reached * piety under the Shining One
  7130 | Bailey   | Noticed Grum
  7148 | Bailey   | Killed Grum
  7192 | Bailey   | Reached skill level 13 in Polearms
  7435 | D:7      | Found Oklepos's Magic Scroll Shop.
  7446 | D:7      | Bought a scroll of teleportation for 39 gold pieces
  7446 | D:7      | Bought a scroll of teleportation for 39 gold pieces
  7446 | D:7      | Bought a scroll of brand weapon for 123 gold pieces
  7446 | D:7      | Bought a scroll of enchant armour for 97 gold pieces
  7541 | D:7      | Found a broken altar of Ashenzari.
  7640 | D:8      | Found Viamej's Armour Boutique.
  7711 | D:8      | Reached skill level 1 in Invocations
  7720 | D:8      | Found Femieno's Magic Scroll Shoppe.
  7728 | D:8      | Bought a scroll of acquirement for 572 gold pieces
  7731 | D:8      | Acquired the +2 pair of gloves of Hangman {Str+4 Stlth+}
  7867 | D:8      | Found Loit's Assorted Antiques.
  7876 | D:8      | Bought a scroll of teleportation for 81 gold pieces
  7915 | D:8      | Reached skill level 14 in Polearms
  8004 | D:8      | Found Xusmeo's Antique Weapon Emporium.
  8176 | D:8      | Found Houlugoi's Antique Armour Shop.
  8379 | D:8      | Reached skill level 15 in Polearms
  8496 | D:8      | Reached ** piety under the Shining One
  8499 | D:8      | Found a shimmering blue altar of Sif Muna.
  8553 | D:9      | Noticed a two-headed ogre
  8561 | D:9      | Killed a two-headed ogre
  8562 | D:9      | Reached XP level 11. HP: 90/90 MP: 14/14
  8701 | D:9      | Reached skill level 16 in Polearms
  8763 | D:9      | Reached skill level 1 in Evocations
  8791 | D:9      | You fall into a shaft and drop 3 floors!
  8846 | D:12     | Noticed Josephine
  8850 | D:12     | Noticed Snorg
  8850 | D:12     | Noticed a two-headed ogre
  8873 | D:13     | Noticed a two-headed ogre
  8886 | D:13     | Noticed a five-headed hydra
  8925 | D:11     | Found a staircase to the Lair.
  8926 | D:11     | Noticed an oklob plant
  8926 | D:11     | Noticed an oklob plant
  8931 | D:10     | Entered Level 10 of the Dungeon
  9744 | D:10     | Reached *** piety under the Shining One
  9824 | D:10     | Reached skill level 17 in Polearms
  9861 | D:10     | Reached skill level 5 in Evocations
 10126 | D:10     | Found a shimmering altar of Xom.
 10347 | D:10     | Noticed Erica
 10356 | D:10     | Killed Erica
 10357 | D:10     | Reached skill level 18 in Polearms
 10573 | D:11     | Reached XP level 12. HP: 58/97 MP: 15/15
 10590 | D:11     | Found a staircase to the Orcish Mines.
 10790 | D:5      | Killed sausages's ghost
 12097 | Lair:1   | Entered Level 1 of the Lair of Beasts
 12304 | Lair:1   | Noticed Maggie
 12319 | Lair:1   | Killed Maggie
 12459 | Lair:1   | Noticed Joseph
 12472 | Lair:1   | Killed Joseph
 12473 | Lair:1   | Reached skill level 5 in Invocations
 12673 | D:8      | Bought a scroll of enchant weapon for 82 gold pieces
 12673 | D:8      | Bought a scroll of enchant armour for 82 gold pieces
 12673 | D:8      | Bought a scroll of enchant armour for 82 gold pieces
 12673 | D:8      | Bought a scroll of immolation for 44 gold pieces
 12674 | D:8      | Bought a scroll of summoning for 104 gold pieces
 12674 | D:8      | Bought a scroll of fear for 44 gold pieces
 13089 | Lair:1   | Reached skill level 19 in Polearms
 13457 | Lair:2   | Found a hole to the Spider Nest.
 14074 | Lair:3   | Found an ornate altar of the Wu Jian Council.
 14074 | Lair:3   | Noticed a boulder beetle
 14086 | Lair:3   | Killed a boulder beetle
 14110 | Lair:3   | Found a hide-covered altar of Uskayaw.
 14223 | Lair:3   | Noticed Urug
 14241 | Lair:3   | Killed Urug
 14360 | Lair:3   | Reached skill level 20 in Polearms
 14380 | Lair:3   | Reached XP level 13. HP: 76/103 MP: 19/19
 14991 | Lair:3   | Found a staircase to the Swamp.
 15242 | Lair:3   | Reached skill level 21 in Polearms
 15242 | Lair:3   | Reached XP level 14. HP: 110/110 MP: 20/22
 15435 | Lair:4   | Reached skill level 22 in Polearms
 15752 | Lair:4   | Reached **** piety under the Shining One
 15753 | Lair:4   | Reached skill level 23 in Polearms
 16100 | Lair:4   | Found a staircase to the Slime Pits.
 16344 | Lair:5   | Entered Level 5 of the Lair of Beasts
 17269 | Lair:5   | Reached skill level 1 in Armour
 17274 | Lair:5   | Reached XP level 15. HP: 115/115 MP: 23/23
 17315 | Lair:5   | Reached ***** piety under the Shining One
 17374 | Lair:5   | Reached skill level 5 in Dodging
 17744 | Lair:5   | Found a corrupted altar of Lugonu.
 17744 | Lair:5   | Found a one-way gate to the infinite horrors of the Abyss.
 17999 | Orc:1    | Entered Level 1 of the Orcish Mines
 18036 | Orc:1    | Found Zuzxua's General Store.
 18039 | Orc:1    | Found Pesiyn's Armour Boutique.
 18098 | Orc:1    | Bought a scroll of teleportation for 42 gold pieces
 18098 | Orc:1    | Bought a scroll of teleportation for 42 gold pieces
 18111 | Orc:1    | Found Xaax's Jewellery Emporium.
 18147 | Orc:1    | Found Behoffov's Distillery.
 18159 | Orc:1    | Bought a potion of heal wounds for 85 gold pieces
 18340 | Orc:2    | Entered Level 2 of the Orcish Mines
 18517 | Orc:2    | Noticed Donald
 18526 | Orc:2    | Killed Donald
 18785 | Orc:2    | Found a bloodstained altar of Trog.
 18870 | Orc:2    | Reached skill level 5 in Armour
 18878 | Orc:2    | Noticed an orc warlord
 18927 | Orc:2    | Slain by an orc warlord

Illustrated notes

Levels and vault maps discovered:
D:1:      minmay_arrival_diagonal_passages, layout_loops_cross, serial_shops,
          shop, shapermc_ecumenical_altar_notcrosses, minivault_25
D:2:      layout_basic, uniq_terence
D:3:      layout_loops_cross, grunt_ministairs_14, chequers_big_river,
          minmay_box_of_dots
D:4:      layout_cave_pods, mainiacjoe_overflow_paths,
          yredelemnul_altar_generic, grunt_temple_overflow_open
D:5:      layout_cave_pools, nicolae_vehumet_altar_sigil,
          biasface_ghost_orc_armoury
D:6:      layout_basic, serial_glass, glass_columns_c, glass_columns_c,
          ebering_ghost_reflecting_pool
D:7:      layout_cave_pools, ashenzari_conservatory_becter,
          minmay_temple_entry_waves, enter_bailey_3, serial_shops, shop,
          dreamdust_gnoll_farm, uniq_menkaure, uniq_pikel
D:8:      layout_basic, kennysheep_orc_sif_temple, serial_shops, shop_coins,
          shop, nicolae_shop_crystal, nicolae_shop_waterfront,
          nicolae_shop_stone
D:9:      layout_irregular_city, dk_vineyard_1
D:10:     layout_gridville, lemuel_tele_altar, special_room [special_room_bee],
          uniq_erica
D:11:     layout_basic, dpeg_oklobed_lair, erik_orc_4
D:12:     layout_roguey, hangedman_tell_no_tales, uniq_sonja, uniq_snorg,
          uniq_josephine
D:13:     layout_cave_pods, david_vaults_3, special_room [special_room_orc],
          uniq_rupert
Temple:   nicolae_temple_ecumenical_triangle
Lair:1:   layout_layer_cave, uniq_joseph, uniq_maggie
Lair:2:   layout_gridlike, spider_nest_entry_webs, lemuel_fruit_fields
Lair:3:   layout_loops_ring, minmay_swamp_entry_reptiles,
          nzn_masters_of_martial_movement, uniq_urug
Lair:4:   layout_cave_pods, dpeg_slime_entry_corner, beast_lair_carwin_5
Lair:5:   hellmonk_lair_end_abyssal_woods, layout_misc_corridors
Orc:1:    layout_diamond_mine, serial_shops, nicolae_shop_stone,
          nicolae_shop_competitors_out_of_business, shop_fountains,
          nicolae_shop_statue_plus
Orc:2:    st_orc_congregation, layout_caves, basic_altar, uniq_donald

Skill      XL: |  1  2  3  4  5  6  7  8  9 10 11 12 13 14 15 |
---------------+----------------------------------------------+-----
Fighting       | 1 2 3 4 9 10 | 10.0
Maces & Flails | 1 |  1.0
Dodging        | 3 7 |  7.6
Staves         | 1 |  1.1
Polearms       | 1 4 7 9 11 15 18 20 21 23 | 23.9
Throwing       | 2 5 |  5.0
Invocations    | 2 8 11 | 11.1
Evocations     | 5 |  5.0
Armour         | 1 5 |  5.4
Stealth        | |  2.1
Spellcasting   | |  2.0
Transmutations | |  1.3
Earth Magic    | |  2.4

Action                   |  1- 3 |  4- 6 |  7- 9 | 10-12 | 13-15 || total
-------------------------+-------+-------+-------+-------+-------++-------
Melee: Unarmed           |     3 |       |       |       |       ||     3
       Whip              |    39 |    39 |       |       |       ||    78
       Spear             |       |   138 |   384 |       |       ||   522
       Punch             |       |     2 |     2 |     4 |       ||     8
       Trident           |       |       |     6 |   341 |       ||   347
       Tailslap          |       |       |       |     3 |       ||     3
       Bardiche          |       |       |       |   364 |   524 ||   888
 Fire: Sling             |    25 |       |       |       |       ||    25
Throw: Throwing net      |       |       |       |     7 |       ||     7
       Dart              |       |       |       |     4 |    12 ||    16
 Cast: Sandblast         |    30 |       |       |       |       ||    30
Invok: Divine Shield     |       |       |       |       |    10 ||    10
       Cleansing Flame   |       |       |       |       |     4 ||     4
Evoke: Wand              |       |       |     7 |    10 |     7 ||    24
       Phantom mirror    |       |       |       |       |     1 ||     1
  Use: Potion            |     5 |       |     6 |     3 |     4 ||    18
       Scroll            |     3 |     3 |     8 |    14 |     7 ||    35
 Stab: Sleeping          |     2 |     7 |     5 |       |       ||    14
       Invisible         |       |       |     3 |       |       ||     3
Armor: Robe              |    19 |    24 |       |       |       ||    43
       Ring mail         |       |    19 |    70 |    78 |       ||   167
       Skin              |       |       |     6 |       |       ||     6
       Steam dragon scal |       |       |       |    10 |    31 ||    41
       Troll leather arm |       |       |       |       |    35 ||    35
Dodge: Dodged            |    38 |    68 |   198 |   431 |   242 ||   977
Block: Other             |       |       |       |       |    86 ||    86
